AoeStats
← ska_18

Nomad

505280762Analyzed
3v3 RM · 23d ago on Sep 8, 2026· 43m 57s· 6 players
Game mode
Random Map
Map size
210×210
Population
200
Speed
Normal
Resources
Standard
Victory
Conquest
Starting age
Dark Age
Ending age
Imperial Age
RankedLock teamsTeams togetherTeam positionsShared explorationLock speedFull tech treeHidden civsTurbo modeCheats
Victory
Defeat
🇨🇴 Malay · Colombia
1091
+14
🇦🇹 Saracens · Austria
979
+18
🇺🇸 Cumans · United States
952
+19
🇪🇸 Burmese · Spain
1195
-24
958
-14
🇪🇸 Franks · Spain
933
-16
GZ SIMAO
4:47 Loom
12:26 Feudal Age
16:55 Wheelbarrow
19:37 Castle Age
17:48 Gold Mining
20:42 Medium Warships
26:58 Horse Collar
28:34 Hand Cart
28:47 Forging
28:37 Padded Archer Armor
31:05 Ballistics
34:48 Town Watch
35:44 Husbandry
39:28 Imperial Age
37:38 Stone Mining
38:08 Bloodlines
39:38 Elite Arambai
43:26 Fletching
♿Libala♿
6:50 Loom
14:54 Feudal Age
15:29 Double-Bit Axe
16:34 Wheelbarrow
24:01 Castle Age
27:58 Husbandry
29:29 Hand Cart
Bueno, voume pa casa lo
5:30 Loom
13:04 Feudal Age
15:33 Double-Bit Axe
18:58 Gold Mining
18:50 Horse Collar
21:19 Wheelbarrow
21:01 Town Watch
24:33 Castle Age
23:09 Town Watch
23:53 Bloodlines
23:53 Scale Barding Armor
24:27 Fletching
26:05 Medium Warships
25:29 Demolition Ship
29:45 Scale Mail Armor
30:19 Forging
29:43 Pikeman
31:22 Husbandry
30:42 Light Cavalry
34:25 Chain Barding Armor
40:52 Heavy Plow
41:05 Bow Saw
41:13 Hand Cart
45:24 Imperial Age
44:35 Coinage
Rogfin
4:57 Loom
12:50 Feudal Age
13:23 Wheelbarrow
12:39 Double-Bit Axe
14:28 Wheelbarrow
14:47 Fishing Lines
25:43 Castle Age
25:38 Medium Warships
25:25 Gillnets
25:31 Gold Mining
31:15 Careening
32:20 Bow Saw
36:20 Gold Shaft Mining
35:51 Horse Collar
37:51 Hand Cart
38:48 Heavy Plow
41:56 Imperial Age
40:25 Forging
40:19 Squires
40:05 Arson
41:49 Iron Casting
41:45 Forced Levy
41:12 Man-at-Arms
42:07 Long Swordsman
43:56 Blast Furnace
43:27 Conscription
43:57 Crop Rotation
43:08 Two-Handed Swordsman
RarinWheel65511
4:08 Loom
16:43 Feudal Age
17:42 Double-Bit Axe
17:49 Fishing Lines
19:26 Wheelbarrow
20:39 Bloodlines
22:56 Gold Mining
25:10 Castle Age
23:52 Town Watch
24:53 Scale Barding Armor
24:58 Forging
27:57 Gillnets
30:37 Iron Casting
30:23 Chain Barding Armor
31:07 Elite Skirmisher
31:53 Thumb Ring
34:11 Scale Mail Armor
34:51 Hand Cart
34:43 Stone Mining
35:56 Gold Shaft Mining
36:34 Chain Mail Armor
36:19 Padded Archer Armor
36:09 Fletching
41:29 Imperial Age
42:06 Bodkin Arrow
42:27 Leather Archer Armor
41:58 Elite Steppe Lancer
42:45 Light Cavalry
ska_18
3:18 Loom
14:52 Feudal Age
21:42 Castle Age
21:22 Double-Bit Axe
21:18 Horse Collar
21:42 Fishing Lines
24:13 Wheelbarrow
23:25 Town Watch
24:52 Bow Saw
25:29 Gold Mining
25:30 Stone Mining
27:27 Gillnets
27:48 Medium Warships
28:30 Hand Cart
29:13 Town Patrol
29:37 Fletching
30:48 Bodkin Arrow
31:58 Heavy Plow
32:37 Gold Shaft Mining
35:23 Imperial Age
34:07 Forging
34:03 Scale Barding Armor
34:44 Sanctity
35:20 Fervor
36:10 Coinage
37:11 Chemistry
37:22 Conscription
38:06 Iron Casting
37:32 Scale Mail Armor
37:41 Elite Mameluke
38:57 Hoardings
38:32 Bimaristan
39:57 Town Patrol
40:59 Two-Man Saw
41:06 Chain Barding Armor
41:47 Blast Furnace
40:48 Bracer
40:33 Treadmill Crane
40:58 Siege Engineers
41:04 Masonry
40:49 Murder Holes
41:17 Ballistics
43:18 Plate Barding Armor
42:46 Bracer
43:00 Bloodlines
43:06 Husbandry
42:33 Light Cavalry
43:38 Heavy Camel Rider
Connection lost

Rejoining the realm…

Still unreachable

The connection could not be restored.

Session expired

The server has moved on; the page needs a fresh start.